Map: Frost LE

Players

llllllllllll

  • Race: Protoss Protoss
  • League: Grandmaster

lIlIlIlllIlI (Snute) - Winner!

  • Race: Zerg Zerg
  • League: Grandmaster

VOD

Have the link to the VOD?

Description

Time

  • Played on: July 27, 2016, 8:23 a.m.
  • Length: 8:35
Show
View Real Time Build Order
Export as new Build Order

llllllllllll Protoss 

Build Orders: 1 Gate Expand 

Get SALT Encoding   

  12  0:00  Probe (Chrono Boost)  
  13  0:11  Probe (Chrono Boost)  
  14  0:17  Pylon  
  14  0:22  Probe (Chrono Boost)  
  16  0:35  Probe (Chrono Boost)  
  16  0:38  Gateway  
  16  0:46  Probe (Chrono Boost)  
  16  0:47  Assimilator  
  17  0:56  Probe (Chrono Boost)  
  18  1:07  Probe (Chrono Boost)  
  19  1:23  Probe (Chrono Boost)  
  19  1:24  Nexus  
  20  1:33  Cybernetics Core  
  20  1:36  Probe (Chrono Boost)  
  21  1:44  Assimilator  
  22  1:47  Probe (Chrono Boost)  
  22  1:51  Pylon  
  22  1:57  Probe (Chrono Boost)  
  23  2:12  Probe (Chrono Boost)  
  23  2:13  Warp Gate  
  26  2:17  Sentry  
  27  2:22  Probe (Chrono Boost)  
  27  2:33  Probe (Chrono Boost)  
  27  2:36  Probe (Chrono Boost)  
  29  2:38  Robotics Facility  
  29  2:43  Zealot, Probe (Chrono Boost)  
  32  2:46  Probe (Chrono Boost)  
  33  2:54  Probe (Chrono Boost)  
  33  2:57  Probe (Chrono Boost)  
  35  3:00  Gateway  
  35  3:01  Gateway  
  35  3:05  Probe (Chrono Boost)  
  36  3:07  Probe (Chrono Boost)  
  37  3:14  Sentry  
  37  3:17  Pylon  
  37  3:19  Mothership Core (Chrono Boost)  
  41  3:20  Probe (Chrono Boost)  
  42  3:31  Probe (Chrono Boost)  
  42  3:33  Assimilator, Immortal  
  43  3:39  Probe (Chrono Boost)  
  48  3:42  Probe (Chrono Boost)  
  49  3:48  Pylon  
  49  3:51  Probe (Chrono Boost)  
  49  3:52  Sentry  
  49  3:54  Probe (Chrono Boost)  
  53  4:02  Gateway  
  54  4:03  Gateway, Probe (Chrono Boost)  
  54  4:07  Immortal, Probe (Chrono Boost)  
  55  4:16  Probe (Chrono Boost)  
  60  4:19  Pylon  
  60  4:25  Gateway  
  60  4:28  Gateway  
  60  4:41  Warp Prism  
  60  4:42  Probe (Chrono Boost)  
  60  4:43  Assimilator  
  60  4:44  Probe (Chrono Boost)  
  62  4:49  Sentry  
  62  4:50  Adept, Sentry  
  70  4:56  Gateway  
  70  4:57  Pylon  
  70  5:02  Pylon  
  70  5:10  Pylon  
  70  5:17  Adept  
  72  5:23  Robotics Facility  
  72  5:26  Robotics Bay  
  72  5:30  Adept x4  
  80  5:39  Pylon x2  
  80  5:56  Observer  
  81  6:05  Pylon  
  81  6:08  Disruptor  
  81  6:12  Disruptor  
  87  6:18  Stalker x4  
  87  6:23  Probe (Chrono Boost)  
  96  6:25  Pylon  
  96  6:27  Pylon  
  96  6:34  Stalker x3  
  96  6:36  Stalker  
  104  6:44  Disruptor  
  107  6:54  Adept x2  
  107  6:57  Adept  
  107  7:00  Adept  
  115  7:01  Pylon  
  115  7:04  Adept x2  
  115  7:08  Adept x2  
  123  7:14  Pylon  
  123  7:28  Adept x2  
  123  7:29  Adept x3  
  133  7:31  Observer  
  133  7:34  Pylon  
  133  7:38  Pylon  
  133  7:47  Stalker x3  
  133  7:49  Stalker  
  141  7:54  Stalker  
  141  7:57  Stalker  
Show
View Real Time Build Order
Export as new Build Order

lIlIlIlllIlI Zerg - Winner!

Build Orders: Hatch First 

Get SALT Encoding   

  12  0:00  Drone  
  13  0:13  Overlord  
  13  0:17  Drone  
  14  0:31  Drone x2  
  14  0:35  Drone  
  17  0:52  Hatchery  
  17  0:56  Drone  
  17  0:59  Drone  
  18  1:06  Extractor  
  17  1:14  Spawning Pool  
  17  1:17  Drone  
  17  1:21  Drone  
  18  1:28  Drone  
  19  1:39  Overlord  
  19  1:50  Drone  
  20  2:01  Queen, Drone  
  22  2:04  Queen  
  22  2:05  Metabolic Boost  
  25  2:09  Drone  
  25  2:12  Drone  
  25  2:15  Drone  
  28  2:22  Zergling x2  
  29  2:26  Drone  
  30  2:33  Drone  
  30  2:36  Queen, Overlord  
  34  2:44  Drone  
  34  2:53  Drone  
  34  2:55  Drone  
  34  2:56  Hatchery  
  35  2:59  Drone  
  36  3:06  Overlord  
  36  3:08  Drone x3  
  36  3:09  Drone  
  40  3:14  Drone x3  
  40  3:18  Overlord  
  43  3:23  Drone  
  43  3:26  Queen  
  46  3:29  Drone  
  46  3:34  Drone  
  48  3:41  Drone x3  
  51  3:42  Drone  
  51  3:46  Drone  
  51  3:48  Drone x3  
  56  3:53  Drone  
  57  3:57  Roach Warren, Drone  
  57  4:02  Drone  
  58  4:04  Extractor  
  58  4:08  Drone  
  58  4:09  Drone  
  59  4:13  Drone  
  59  4:14  Drone  
  59  4:15  Drone x2  
  63  4:19  Overlord, Drone  
  63  4:20  Drone x2  
  66  4:26  Overlord  
  65  4:33  Spore Crawler x3  
  65  4:36  Spore Crawler  
  65  4:37  Overlord  
  61  4:38  Drone  
  61  4:39  Drone x2  
  61  4:41  Drone  
  61  4:44  Overlord  
  67  4:49  Overlord x3  
  67  4:50  Overlord  
  68  4:52  Extractor  
  68  4:54  Extractor  
  68  4:55  Roach x3  
  68  4:56  Roach  
  68  4:57  Roach x2  
  68  4:58  Roach  
  80  5:02  Overlord  
  80  5:03  Queen  
  80  5:04  Queen  
  80  5:06  Roach x2  
  88  5:09  Queen  
  88  5:12  Zergling x2  
  91  5:16  Ravager  
  91  5:19  Zergling x2, Ravager  
  91  5:20  Zergling x2  
  95  5:23  Zergling x6  
  95  5:24  Zergling x2  
  95  5:28  Zergling x14  
  104  5:32  Ravager  
  104  5:33  Ravager  
  104  5:34  Zergling x2  
  109  5:38  Zergling x2  
  110  5:52  Zergling x2  
  110  5:53  Zergling x6  
  114  5:57  Overlord x2  
  114  6:00  Zergling x16  
  114  6:02  Lair  
  122  6:04  Zergling x2  
  123  6:12  Zergling x2  
  123  6:13  Zergling x4  
  123  6:15  Ravager x3  
  129  6:21  Zergling x2  
  129  6:22  Zergling x2  
  131  6:26  Ravager x2  
  131  6:29  Queen x2  
  131  6:31  Extractor x2, Roach x4  
  131  6:32  Roach  
  145  6:33  Overlord x2  
  145  6:35  Overlord  
  145  6:43  Zergling x4  
  145  6:53  Roach  
  145  6:54  Roach x4  
  155  7:01  Roach x3  
  161  7:03  Glial Reconstitution  
  161  7:05  Roach, Infestation Pit  
  161  7:08  Overlord  
  162  7:24  Overlord  
  162  7:25  Overlord  
  162  7:37  Ravager x5  
  162  7:38  Zergling x8, Ravager x2  
  162  7:39  Zergling x10  
  162  7:40  Overlord x2  
  177  7:44  Zergling x2  
  177  7:45  Zergling x12  
  177  7:48  Queen x2  
  177  7:50  Overlord  
Tags
 
Add a new tag
Caveats
  • Supply blocks, unpowered buildings, or Contaminate may cause inaccurate times.
  • Supply counts are checked every 10 seconds.